 Dungeon Crawl Stone Soup version 0.22-a0-542-gce4f928 (webtiles) character file.

13 emperorscorpion the Charmwright (level 2, -6/23 HPs)
             Began as a Demonspawn Skald on June 24, 2018.
             Mangled by a gnoll
             ... wielding a +0 flail
              (9 damage)
             ... on level 1 of the Dungeon.
             The game lasted 00:01:04 (718 turns).

emperorscorpion the Charmwright (Demonspawn Skald)   Turns: 718, Time: 00:01:05

Health: -6/23      AC:  3    Str: 11    XL:     2   Next: 24%
Magic:  5/5        EV: 12    Int: 14    God:
Gold:   18         SH:  0    Dex: 12    Spells: 4/5 levels left

rFire    . . .     SeeInvis .   a - +0 spear
rCold    . . .     Gourm    .   (no shield)
rNeg     . . .     Faith    .   b - +0 leather armour
rPois    .         Spirit   .   (helmet restricted)
rElec    .         Reflect  .   (no cloak)
rCorr    .         Harm     .   (no gloves)
MR       .....                  (no boots)
Stlth    +.........             (no amulet)
HPRegen  0.07/turn              (no ring)
MPRegen  0.09/turn              (no ring)

@: no status effects
A: antennae 1
a: no special abilities


You were on level 1 of the Dungeon.
You were not hungry.

You visited 1 branch of the dungeon, and saw 2 of its levels.

You collected 18 gold pieces.

Inventory:

Hand Weapons
 a - a +0 spear (weapon)
 i - a +2 short sword of freezing
Missiles
 e - 22 poisoned needles
 g - 7 stones (quivered)
 k - 20 arrows
Armour
 b - a +0 leather armour (worn)
Scrolls
 j - a scroll of noise {unknown}
 l - 3 scrolls of remove curse {unknown}
 m - a scroll of enchant weapon {unknown}
Potions
 c - a potion of heal wounds {unknown}
 f - a potion of haste {unknown}
Comestibles
 d - 3 rations


   Skills:
 + Level 2.5 Fighting
 + Level 2.0 Polearms
 + Level 1.0 Armour
 + Level 1.8 Dodging
 - Level 2.0 Spellcasting
 - Level 2.6 Charms


You had 4 spell levels left.
You knew the following spells:

 Your Spells              Type           Power        Failure   Level  Hunger
a - Infusion              Chrm           #...         11%         1    ##.....

Your spell library contained the following spells:

 Spells                   Type           Power        Failure   Level  Hunger
 Regeneration             Chrm/Necr      #.........   47%         3    ####...
 Shroud of Golubria       Chrm/Tloc      #.........   26%         2    ###....
 Song of Slaying          Chrm           #.......     16%         2    ###....
 Spectral Weapon          Hex/Chrm       #.......     47%         3    ####...


Dungeon Overview and Level Annotations

Branches:
Dungeon (2/15)

Altars:


Innate Abilities, Weirdness & Mutations

You have a pair of small antennae on your head.


Message History

The gnoll is lightly wounded.
You hit the gnoll.
The gnoll is moderately wounded.
The gnoll hits you with a flail!
Ouch! That really hurt!
* * * LOW HITPOINT WARNING * * *
You hit the gnoll but do no damage.
The gnoll is moderately wounded.
The gnoll closely misses you.
You hit the gnoll.
The gnoll is heavily wounded.
The gnoll misses you.
You barely miss the gnoll.
The gnoll is heavily wounded.
The gnoll hits you with a flail.
* * * LOW HITPOINT WARNING * * *
You hit the gnoll.
The gnoll is severely wounded.
The gnoll hits you with a flail!
You die...

#....########
####....##.....##
###.......#.......##
##...##.............#
....................#
...#.........>......#
####...####.........#
#...# #........>#
#...# #.....@...#
####...# #.....g...#
#......####.........#
..##...#.......)....#
####...#.##.........#
##....#.#.........##
##.....#...##.....##
...####...#########
.### #..###


You could see a gnoll.

Vanquished Creatures
  A dart slug (D:1)
  A leopard gecko (D:1)
  A giant cockroach (D:1)
  A bat (D:1)
  2 frilled lizards (D:1)
  2 goblins (D:1)
  2 kobolds (D:1)
  A rat (D:1)
11 creatures vanquished.

Notes
Turn   | Place    | Note
-------+----------+-------------------------------------------
     0 | D:1      | emperorscorpion the Demonspawn Skald began the quest for the Orb.
     0 | D:1      | Reached XP level 1. HP: 16/16 MP: 3/3
   286 | D:1      | Reached skill level 1 in Armour
   291 | D:1      | Gained mutation: You have a pair of small antennae on your head. [demonic ancestry]
   291 | D:1      | Reached XP level 2. HP: 23/23 MP: 5/5
   718 | D:1      | Mangled by a gnoll

Vault maps used:
D:1:      kennysheep_arrival_forest
D:2:      gammafunk_temple_overflow_wave

Skill      XL: |  1  2 |
---------------+-------+-----
Armour         | 1 |  1.0
Polearms       | 2 |  2.0
Fighting       | |  2.5
Dodging        | |  1.8
Spellcasting   | |  2.0
Charms         | |  2.6

Action                   || total
-------------------------++-------
Melee: Spear             ||    44
Armor: Leather armour    ||     7
Dodge: Dodged            ||    22

Table legend:
 A = Spawn XP
 B = Non-spawn XP
 C = Spawn XP percentage of total XP
 D = Spawn monster count
 E = Non-spawn monster count
 F = Spawn count percentage of total count
 G = Total turns spent on level
                    A         B        C        D         E        F      G
               +---------+---------+-------+---------+---------+-------+---------
         Total |       0 |      19 |   0.0 |       0 |      11 |   0.0 |   718
               +---------+---------+-------+---------+---------+-------+---------
           D:1 |       0 |      19 |   0.0 |       0 |      11 |   0.0 |   658
               +---------+---------+-------+---------+---------+-------+---------
